 Dungeon Crawl Stone Soup version 0.23-a0-639-ga9a3373 (webtiles) character file.

28 Lavandula the Cutter (level 3, -2/21 HPs)
             Began as a Halfling Enchanter on Dec 29, 2018.
             Slain by an orc priest
             ... wielding a +0 hand axe
              (3 damage)
             ... on level 3 of the Dungeon.
             The game lasted 00:02:13 (671 turns).

Lavandula the Cutter (Halfling Enchanter)            Turns: 671, Time: 00:02:14

Health: -2/21      AC:  2    Str:  9    XL:     3   Next: 30%
Magic:  1/5        EV: 15    Int: 14    God:
Gold:   53         SH:  0    Dex: 14    Spells: 2/5 levels left

rFire    . . .     SeeInvis .   a - +1 dagger
rCold    . . .     Gourm    .   (shield restricted)
rNeg     . . .     Faith    .   b - +0 robe
rPois    .         Spirit   .   (no helmet)
rElec    .         Reflect  .   (no cloak)
rCorr    .         Harm     .   (no gloves)
MR       .....                  (no boots)
Stlth    ++........             (no amulet)
HPRegen  0.07/turn              (no ring)
MPRegen  0.09/turn              (no ring)

@: no status effects
A: small, mutation resistance 1
a: no special abilities


You were on level 3 of the Dungeon.
You were not hungry.

You visited 1 branch of the dungeon, and saw 4 of its levels.

You collected 53 gold pieces.

Inventory:

Hand Weapons
 a - a +1 dagger (weapon)
Armour
 b - a +0 robe (worn)
Scrolls
 c - a scroll of random uselessness {unknown}
 e - a scroll of blinking {unknown}
 f - a scroll of amnesia {unknown}
 g - a scroll of noise {unknown}
Comestibles
 d - 2 rations


   Skills:
 + Level 3.6 Short Blades
 - Level 2.1 Dodging
 - Level 3.2 Stealth
 - Level 1.5 Spellcasting
 - Level 2.4 Hexes


You had 2 spell levels left.
You knew the following spells:

 Your Spells              Type           Power        Failure   Level  Hunger
a - Corona                Hex            #......      10%         1    ##.....
b - Ensorcelled Hibernat  Hex/Ice        #.....       22%         2    ###....

Your spell library contained the following spells:

 Spells                   Type           Power        Failure   Level  Hunger
 Confuse                  Hex            #.......     28%         3    ####...
 Tukima's Dance           Hex            #.......     28%         3    ####...
 Dazzling Spray           Conj/Hex       #.....       41%         3    ####...


Dungeon Overview and Level Annotations

Branches:
Dungeon (4/15)
 Temple: D:4-7

Altars:
Trog
Xom

Annotations:
D:4 Dowan, Duvessa


Innate Abilities, Weirdness & Mutations

You are small and have problems with some larger weapons.
You are somewhat resistant to further mutation.


Message History

The orc priest hits you but does no damage.
You hit the orc priest but do no damage.
The orc priest calls down the wrath of Beogh upon you.
Pain shoots through your body!
Ouch! That really hurt!
You hit the orc priest but do no damage.
You aren't carrying any potions.
You hit the orc priest but do no damage.
The orc priest barely misses you.
You barely miss the orc priest. The orc priest misses you.
You hit the orc priest but do no damage.
The orc priest completely misses you.
You barely miss the orc priest. You barely miss the orc priest.
The orc priest invokes the aid of Beogh against you.
Pain shoots through your body!
* * * LOW HITPOINT WARNING * * *
You hit the orc priest but do no damage.
The orc priest hits you with a +0 hand axe.
You die...

##.# #.# #.#
#.# #.# #.#
...########
.........##
..#####@..#
.......o#.#
#######.# ..
#....# ...
#.#### ...
#....# ##
####.#
########.#.#.#
.......<.....#


You could see an orc priest.

Vanquished Creatures
  An ooze (D:2)
  2 leopard geckos
  A ball python (D:2)
  2 giant cockroaches (D:2)
  3 goblins
  3 hobgoblins (D:2)
  2 bats (D:2)
  A frilled lizard (D:2)
  2 kobolds (D:2)
  3 rats
20 creatures vanquished.

Notes
Turn   | Place    | Note
-------+----------+-------------------------------------------
     0 | D:1      | Lavandula the Halfling Enchanter began the quest for the
                  | Orb.
     0 | D:1      | Reached XP level 1. HP: 11/11 MP: 3/3
    85 | D:2      | Reached XP level 2. HP: 13/17 MP: 4/4
    89 | D:2      | Learned a level 2 spell: Ensorcelled Hibernation
   128 | D:2      | Found a bloodstained altar of Trog.
   513 | D:2      | Found a shimmering altar of Xom.
   602 | D:2      | Reached XP level 3. HP: 19/21 MP: 1/5
   656 | D:4      | Noticed Duvessa
   656 | D:4      | Noticed Dowan
   670 | D:3      | HP: 1/21 [orc priest/nerve-wracking pain (7)]
   671 | D:3      | Slain by an orc priest

Vault maps used:
D:1:      erik_arrival_triangle_small
D:2:      overflow_temple_1_default, marbit_many_paths, first_ration,
          minmay_pentomino_pile, uniq_crazy_yiuf_cottage
D:3:      gammafunk_temple_overflow_elements, uniq_natasha, uniq_robin
D:4:      uniq_duvessa

Skill      XL: |  1  2 |
---------------+-------+-----
Short Blades   | 2 3 |  3.6
Dodging        | |  2.1
Stealth        | |  3.2
Spellcasting   | |  1.5
Hexes          | |  2.4

Action                   || total
-------------------------++-------
Melee: Dagger            ||    79
 Cast: Corona            ||     9
       Ensorcelled Hiber ||     2
 Stab: Sleeping          ||     5
Armor: Robe              ||    10
Dodge: Dodged            ||    52

Table legend:
 A = Non-vault XP
 B = Vault XP
 C = Vault XP percentage of total XP
 D = Non-vault monster count
 E = Vault monster count
 F = Vault count percentage of total count
                 A         B        C        D         E       F
            +---------+---------+-------+---------+---------+-------
      Total |      39 |       2 |   4.9 |      19 |       1 |   5.0
            +---------+---------+-------+---------+---------+-------
        D:1 |       6 |       0 |   0.0 |       3 |       0 |   0.0
        D:2 |      33 |       2 |   5.7 |      16 |       1 |   5.9
            +---------+---------+-------+---------+---------+-------
